 Dungeon Crawl Stone Soup version 0.27.0-1-g7a089689b8 (webtiles) character file.

Game seed: 16734731918823076544

8402 Acheron the Blocker (level 11, -5/94 HPs)
             Began as a Minotaur Fighter on Aug 13, 2021.
             Slain by Erica (12 damage)
             ... on level 8 of the Dungeon.
             The game lasted 00:37:27 (8398 turns).

Acheron the Blocker (Minotaur Fighter)              Turns: 8398, Time: 00:37:29

Health: -5/94      AC: 25    Str: 30    XL:     11   Next: 9%
Magic:  10/10      EV: 13    Int:  6    God:
Gold:   410        SH:  0    Dex: 15    Spells: 10/10 levels left

rFire    . . .     SeeInvis .   x - +2 morningstar (protect)
rCold    . . .     Faith    .   c - +0 kite shield
rNeg     + . .     Spirit   .   u - +8 ring mail of Hosedez {rN+ Str+4}
rPois    .         Reflect  +   z - +0 hat of Fexineah {Contam Str+6 Dex+2}
rElec    .         Harm     .   j - +0 cloak
rCorr    .         Rampage  .   F - +0 pair of gloves
Will     .....                  G - +0 pair of boots
Stlth    +.........             w - amulet of reflection
HPRegen  0.25/turn              (no ring)
MPRegen  0.12/turn              (no ring)

@: confused, under a protective aura, slowed, very slow
A: horns 2, retaliatory headbutt
a: no special abilities


You were on level 8 of the Dungeon.
You visited 3 branches of the dungeon, and saw 12 of its levels.

You collected 410 gold pieces.

Inventory:

Hand Weapons
 a - a +0 war axe
 m - a +2 dagger of holy wrath
 x - a +2 morningstar of protection (weapon)
 I - a +2 vorpal spear
Missiles
 i - 4 javelins (quivered)
 A - 26 poisoned darts
 C - 5 boomerangs
Armour
 c - a +0 kite shield (worn)
 e - a +2 scale mail of fire resistance
 j - a +0 cloak (worn)
 u - the +8 ring mail of Hosedez (worn) {rN+ Str+4}
   (You found it on level 4 of the Dungeon)

   Str:       It affects your strength (+4).
   rN:        It protects you from negative energy.
 z - the +0 hat of Fexineah (worn) {Contam Str+6 Dex+2}
   (You acquired it on level 5 of the Dungeon)

   Str:       It affects your strength (+6).
   Dex:       It affects your dexterity (+2).
   Contam:    It causes magical contamination when unequipped.
 F - a +0 pair of gloves (worn)
 G - a +0 pair of boots (worn)
Jewellery
 w - an amulet of reflection (around neck)
Wands
 v - a wand of paralysis (5)
Scrolls
 d - 2 scrolls of blinking
 g - a scroll of identify
 p - a scroll of enchant armour
Potions
 b - a potion of brilliance
 k - a potion of ambrosia
 D - a potion of flight
Miscellaneous
 f - a piece from Xom's chessboard (15/15)


   Skills:
 * Level 8.0 Fighting
 + Level 7.8(9.4) Axes
 + Level 8.1(9.5) Maces & Flails
 * Level 4.1 Throwing
 * Level 7.7 Armour
 + Level 6.0 Dodging
 * Level 3.8 Stealth
 + Level 9.6 Shields
 * Level 3.7 Evocations


You had 10 spell levels left.
You didn't know any spells.
Your spell library contained the following spells:

 Spells                   Type           Power      Damage    Failure   Level
 Beastly Appendage        Tmut           0%         N/A       80%         1
 Pain                     Necr           0%         1d4       80%         1
 Wereblood                Tmut           0%         N/A       90%         2
 Call Canine Familiar     Summ           0%         N/A       99%         3
 Portal Projectile        Hex/Tloc       0%         N/A       99%         3
 Spider Form              Tmut/Pois      0%         N/A       99%         3
 Summon Guardian Golem    Hex/Summ       0%         N/A       99%         3
 Leda's Liquefaction      Hex/Erth       0%         N/A       100%        4
 Summon Lightning Spire   Summ/Air       0%         N/A       100%        4
 Agony                    Necr           0%         N/A       100%        5
 Excruciating Wounds      Necr           0%         N/A       100%        5
 Dragon's Call            Summ           0%         N/A       100%        9


Dungeon Overview and Level Annotations

Branches:
Dungeon (8/15)             Temple (1/1) D:7            Lair (3/6) D:8
  Swamp: Lair:2-4    Shoals: Lair:2-4     Snake: Lair:2-4    Spider: Lair:2-4

Altars:
Ashenzari
Cheibriados
Dithmenos
Fedhas
Gozag
Kikubaaqudgha
Qazlal
Ru
Trog
Uskayaw
Yredelemnul
Zin
The Shining One
Jiyva

Shops:
D:1 [   D:2 :   D:8 *

Annotations:
D:2 Natasha
D:7 Sigmund
D:8 exclusion: upstairs, Erica
Lair:2 1 runed translucent door, kalagan's ghost, journeyman DECj


Innate Abilities, Weirdness & Mutations

You have a pair of horns on your head.
You reflexively headbutt those who attack you in melee.


Message History

You feel very sick. Something hits you.
* * * LOW HITPOINT WARNING * * *
Something burns you.
* * * LOW HITPOINT WARNING * * *
You are more confused.
You feel invigorated.
You feel very sick. Something hits you but does no damage.
You barely miss something. Your headbutt misses something.
You feel sick.
You hear some strange, mumbled words.
You feel yourself slow down.
You bump into the rock wall.
You feel sick. Something hits you!
* * * LOW HITPOINT WARNING * * *
Something burns you.
* * * LOW HITPOINT WARNING * * *
You puncture something!
Your weapon exudes an aura of protection.
You headbutt something.
You feel sick.
You hear some strange, mumbled words.
Something tries to affect you, but you resist.
Something hits you but does no damage.
You miss something. Your headbutt misses something.
You feel less invigorated.
You feel sick.
Erica appears from thin air!
Reactivating autopickup.
Erica gestures wildly while chanting.
Erica flickers and vanishes!
Deactivating autopickup; reactivate with Ctrl-A.
Something hits you but does no damage.
You bump into the rock wall.
You feel sick.
You are no longer poisoned.
Something hits you but does no damage.
You hit something.
Your weapon exudes an aura of protection.
Something hits you!
* * * LOW HITPOINT WARNING * * *
Something burns you.
* * * LOW HITPOINT WARNING * * *
Something hits you!
You die...

### ########>###
#..........#
#[.........#
#..........#
#..........#######
#.............{@.#
#......<...#######
#..........#
#..#.......##
#.###.......##
#.#⌠_..∩.....# #
###.....##..#
#.....## ...#
#...#..## ...


There were no monsters in sight!

Vanquished Creatures
  2 hydras
  3 black mambas
  3 cane toads
  2 komodo dragons (Lair:2)
  12 yaks
  A wyvern (Lair:2)
  5 water moccasins
  An orc warrior (D:4)
  A sky beast (D:7)
  A hornet zombie (D:6)
  A black bear (Lair:2)
  4 wolves (Lair:2)
  An ogre (D:4)
  10 bullfrogs
  A scorpion (D:6)
  3 killer bees (Lair:1)
  A water moccasin skeleton (D:6)
  4 howler monkeys
  A bullfrog zombie (D:5)
  A hound (D:6)
  An orc priest (D:5)
  An iguana (D:5)
  Natasha (twice) (D:2)
  2 orc wizards
  A hound zombie (D:4)
  A hound skeleton (D:4)
  Robin (D:2)
  6 gnolls
  A howler monkey zombie (D:5)
  5 adders
  3 white imps
  An ufetubus (D:4)
  An adder skeleton (D:5)
  A worm (D:4)
  3 dart slugs
  27 orcs
  8 ball pythons
  4 bats
  8 endoplasms
  2 giant cockroaches (D:4)
  14 goblins
  8 hobgoblins
  8 kobolds
  3 quokkas
  3 frilled lizards
  A goblin zombie (D:5)
  A quokka zombie (D:5)
  2 rats (D:1)
177 creatures vanquished.

Vanquished Creatures (others)
  8 fungi (Lair:2)
  21 plants
29 creatures vanquished.

Grand Total: 206 creatures vanquished

Notes
Turn   | Place    | Note
-------+----------+-------------------------------------------
     0 | D:1      | Acheron the Minotaur Fighter began the quest for the Orb.
     0 | D:1      | Reached XP level 1. HP: 19/19 MP: 0/0
    64 | D:1      | Found Moutu's Armour Shop.
    91 | D:1      | Reached XP level 2. HP: 14/27 MP: 1/1
    93 | D:1      | Reached skill level 4 in Shields
   508 | D:2      | Noticed Natasha
   509 | D:2      | Noticed Robin
   666 | D:2      | Reached XP level 3. HP: 32/33 MP: 2/2
   675 | D:2      | Killed Natasha
   681 | D:2      | Killed Robin
   682 | D:2      | Reached XP level 4. HP: 8/40 MP: 3/3
  1155 | D:2      | Noticed Natasha
  1165 | D:2      | Killed Natasha
  1166 | D:2      | Reached skill level 5 in Shields
  1224 | D:2      | Found Zisis's Book Shoppe.
  1302 | D:2      | Noticed Natasha
  1336 | D:3      | Reached skill level 1 in Dodging
  1336 | D:3      | Reached XP level 5. HP: 16/46 MP: 4/4
  2131 | D:4      | Identified the +8 ring mail of Hosedez {rN+ Str+4}
  2175 | D:4      | Noticed an orc warrior
  2176 | D:4      | Noticed an ogre
  2199 | D:4      | Killed an orc warrior
  2200 | D:4      | Reached XP level 6. HP: 28/53 MP: 5/5
  2259 | D:4      | Identified the +2 short sword "Tuelui" {holy, +Blink rPois
                  | Will- Stlth+}
  2265 | D:4      | Reached skill level 6 in Shields
  2379 | D:4      | Found a stormy altar of Qazlal.
  2574 | D:5      | Entered Level 5 of the Dungeon
  2729 | D:5      | Reached skill level 5 in Axes
  2871 | D:5      | Got the Reference Book on the Cloudy Entourage
  3121 | D:5      | Reached XP level 7. HP: 45/60 MP: 6/6
  3335 | D:5      | Reached skill level 5 in Armour
  3941 | D:6      | Reached skill level 5 in Fighting
  3957 | D:6      | Found a blossoming altar of Fedhas.
  4353 | D:6      | Reached XP level 8. HP: 68/68 MP: 7/7
  4361 | D:6      | Found a shadowy altar of Dithmenos.
  4619 | D:7      | Found a staircase to the Ecumenical Temple.
  4634 | Temple   | Entered the Ecumenical Temple
  4856 | D:4      | Reached skill level 1 in Stealth
  4955 | D:4      | Reached skill level 7 in Shields
  5242 | D:5      | Identified a scroll of acquirement
  5242 | D:5      | Acquired the +0 hat of Fexineah {Contam Str+6 Dex+2}
  5725 | D:7      | Noticed Sigmund
  5751 | D:8      | Found Zin's Purification Station.
  5751 | D:8      | Found a glowing silver altar of Zin.
  5751 | D:8      | Found a staircase to the Lair.
  5829 | D:8      | Noticed Erica
  5859 | Lair:1   | Entered Level 1 of the Lair of Beasts
  5860 | Lair:1   | Noticed a six-headed hydra
  5882 | Lair:1   | HP: 5/103 [seven-headed hydra (6)]
  5884 | Lair:1   | Killed a seven-headed hydra
  5885 | Lair:1   | Reached skill level 8 in Shields
  5885 | Lair:1   | Reached XP level 9. HP: 6/75 MP: 8/8
  5892 | Lair:1   | HP: 1/112 [killer bee (7)]
  5898 | Lair:1   | Reached skill level 5 in Dodging
  5906 | Lair:1   | HP: 1/75 [water moccasin (2)]
  6314 | Lair:2   | Found a runed translucent door.
  6358 | Lair:2   | Noticed a komodo dragon
  6377 | Lair:2   | Killed a komodo dragon
  6604 | Lair:2   | Noticed a five-headed hydra
  6616 | Lair:2   | Killed a five-headed hydra
  6617 | Lair:2   | Reached skill level 5 in Maces & Flails
  6617 | Lair:2   | Reached skill level 1 in Throwing
  6617 | Lair:2   | Reached skill level 1 in Evocations
  6950 | Lair:2   | Noticed a polar bear
  6950 | Lair:2   | Identified the +8 spear of the Nexus {protect, Str+6}
  6950 | Lair:2   | Noticed a spriggan rider
  6953 | Lair:2   | Noticed a polar bear
  6955 | Lair:2   | Noticed kalagan's ghost (journeyman DECj)
  6984 | Lair:2   | Noticed a komodo dragon
  6992 | Lair:2   | Killed a komodo dragon
  7152 | Lair:1   | Reached XP level 10. HP: 84/84 MP: 9/9
  7191 | Lair:1   | Noticed a cane toad
  7203 | Lair:1   | Killed a cane toad
  7291 | Lair:1   | Noticed a black mamba
  7296 | Lair:1   | Killed a black mamba
  7482 | Lair:2   | Noticed a black mamba
  7484 | Lair:2   | Noticed a cane toad
  7494 | Lair:2   | Noticed a cane toad
  7495 | Lair:2   | Killed a black mamba
  7496 | Lair:2   | Reached skill level 9 in Shields
  7498 | Lair:2   | Killed a cane toad
  7506 | Lair:2   | Killed a cane toad
  7751 | Lair:2   | Noticed a black mamba
  7759 | Lair:2   | Killed a black mamba
  7818 | Lair:2   | Reached XP level 11. HP: 84/94 MP: 10/10
  8398 | D:8      | Slain by Erica

Illustrated notes

Levels and vault maps discovered:
D:1:      minmay_arrival_pointy, layout_basic,
          shapermc_ecumenical_altar_mp_vishouse, serial_shops, shop_fountains,
          serial_curves, eino_curves_04, eino_curves_03
D:2:      layout_basic, serial_shops, nicolae_lakefront_shop, uniq_robin,
          uniq_natasha
D:3:      layout_loops_ring
D:4:      layout_gridville, mainiacjoe_overflow_24_doors, minmay_quantized
D:5:      layout_basic, enter_ossuary_4
D:6:      layout_rooms, fedhas_altar_4, mainiacjoe_overflow_boulevard
D:7:      layout_loops_corners, okawaru_trees_1, xom_teletrap_fun,
          minmay_temple_entry_sparse_star, serial_shops, shop, sigmund_army,
          uniq_joseph
D:8:      minmay_flawed_box, layout_rooms, zin_purify, lair_entry_dummy,
          uniq_erica, uniq_maurice, uniq_psyche, uniq_harold
Temple:   pf_slime_end_temple
Lair:1:   layout_loops_ring, nicolae_volcano_entry_two_sided,
          grunt_forest_small_clearing_treed
Lair:2:   layout_loops_ring, ebering_ghost_funeral_grove,
          minmay_lair_oklob_bushes, beast_lair_carwin_10
Lair:3:   layout_layer_cave, guppyfry_snake_entry_island, serial_bayou_shore_a,
          grunt_megastairs_2, uniq_snorg

Skill      XL: |  1  2  3  4  5  6  7  8  9 10 11 |
---------------+----------------------------------+-----
Shields        | 4 5 6 8 9 |  9.6
Fighting       | 4 5 6 7 8 |  8.0
Armour         | 4 5 6 7 |  7.7
Axes           | 3 4 5 6 7 |  7.8
Dodging        | 1 2 3 4 5 6 |  6.0
Stealth        | 1 2 3 |  3.8
Maces & Flails | 3 6 7 8 |  8.1
Throwing       | 2 4 |  4.1
Evocations     | 2 3 |  3.7

Action                   |  1- 3 |  4- 6 |  7- 9 | 10-12 || total
-------------------------+-------+-------+-------+-------++-------
Melee: War axe           |    63 |   117 |   131 |       ||   311
       Headbutt          |     5 |    18 |    44 |    43 ||   110
       Morningstar       |       |       |    72 |   153 ||   225
Throw: Javelin           |       |       |     1 |       ||     1
Evoke: Wand              |       |       |     1 |       ||     1
  Use: Potion            |     1 |       |     6 |     1 ||     8
       Scroll            |       |     4 |    13 |     1 ||    18
 Stab: Sleeping          |       |       |       |     1 ||     1
Armor: Scale mail        |    52 |    36 |       |       ||    88
       Ring mail         |       |    17 |    59 |    33 ||   109
       Skin              |       |       |    70 |       ||    70
Dodge: Dodged            |    35 |    53 |    65 |    49 ||   202
Block: Kite shield       |    58 |    69 |   198 |   146 ||   471
